 Dungeon Crawl Stone Soup version 0.18-a0-1497-g788d838 (webtiles) character file.

7308 4thArraOfDagon the Carver (level 10, -9/78 HPs)
             Began as a Minotaur Abyssal Knight on Mar 4, 2016.
             Was a High Priest of Lugonu.
             Mangled by Erolcha
             ... wielding a +0 giant club
              (25 damage)
             ... while paralysed by something
             ... on level 11 of the Dungeon.
             The game lasted 00:36:13 (6732 turns).

4thArraOfDagon the Carver (Minotaur Abyssal Knight) Turns: 6732, Time: 00:36:13

Health: -9/78      AC: 11    Str: 17    XL:     10   Next: 90%
Magic:  11/11      EV:  2    Int: 20    God:    Lugonu [*****.]
Gold:   398        SH:  0    Dex: 10    Spells: 0 memorised, 9 levels left

rFire  . . .     SeeInvis .     f - +1 long sword (vamp)
rCold  . . .     Gourm    .     F - +3 troll leather armour
rNeg   + . .     Faith    .     (no shield)
rPois  .         Spirit   .     (helmet restricted)
rElec  .         Dismiss  .     i - +0 cloak
rCorr  .         Reflect  .     l - +0 pair of gloves
SustAt .         Harm     .     (no boots)
MR     .....                    (no amulet)
Stlth  +.........               u - ring of positive energy
                                Q - ring "Ryirghe" {+Fly Int+8}

@: paralysed, not resistant to hostile enchantments, very unstealthy
A: retaliatory headbutt, horns 2
a: Depart the Abyss, Bend Space, Banish, Corrupt, Enter the Abyss, Renounce
Religion, Evoke Flight


You were on level 11 of the Dungeon.
You worshipped Lugonu.
Lugonu was extremely pleased with you.
You were not hungry.

You visited 1 branch of the dungeon, and saw 11 of its levels.
You visited the Abyss 1 time.

You collected 398 gold pieces.

Inventory:

Hand Weapons
 a - a +1 falchion
 f - a +1 vampiric long sword (weapon)
 y - a +1 flail of protection
 H - a +0 long sword
 L - a +2 hand axe of flaming
 V - the +4 rapier of the Shoals {venom, rN+, unknown}
   (You found it on level 10 of the Dungeon)

   It poisons the flesh of those it strikes.
   It protects you from negative energy.
Missiles
 o - 35 poisoned needles
 z - 3 javelins (quivered)
Armour
 i - a +0 cloak (worn)
 l - a +0 pair of gloves (worn)
 F - a +3 troll leather armour (worn)
 P - the +3 ring mail "Oqyoduad" {*Confuse rF+++ MP-9 Int+8}
   (You found it on level 9 of the Dungeon)

   It affects your intelligence (+8).
   It renders you almost immune to fire.
   It affects your magic capacity (-9).
   It may confuse you when you take damage.
Jewellery
 p - an uncursed ring of sustain attributes
 u - a ring of positive energy (right hand)
 Q - the ring "Ryirghe" (left hand) {+Fly Int+8}
   (You found it on level 9 of the Dungeon)

   [ring of flight]

   It affects your intelligence (+8).
   It lets you fly.
Wands
 r - a wand of slowing (12/48)
 t - a wand of acid (0/15)
 x - a wand of disintegration (17/24)
 C - a wand of lightning (0/15)
 J - a wand of lightning (10/15)
 R - a wand of flame (9/48)
Scrolls
 b - a scroll of blinking {unknown}
 g - a scroll of immolation
 k - 4 scrolls of teleportation
 m - 2 scrolls of amnesia
 n - 2 scrolls of enchant weapon
 q - 2 scrolls of fear
 w - a scroll of random uselessness
 D - a scroll of noise
 E - a scroll of remove curse {unknown}
 G - a scroll of recharging
 I - a scroll of magic mapping
 U - a scroll of enchant armour
Potions
 e - 3 potions of curing
 h - a potion of might {unknown}
 j - 4 potions of flight
 s - 3 potions of brilliance
 v - a potion of heal wounds {unknown}
 A - 2 potions of invisibility
 K - 3 potions of cancellation
 S - a potion of lignification
 W - a potion of degeneration {unknown}
 Y - a potion of resistance {unknown}
Books
 O - a book of Changes

   Spells                             Type                      Level
   a - Beastly Appendage              Transmutation                1
   b - Sticks to Snakes               Transmutation                2
   c - Spider Form                    Transmutation/Poison         3
   d - Ice Form                       Ice/Transmutation            4
   e - Blade Hands                    Transmutation                5
 Z - a Necronomicon

   Spells                             Type                      Level
   a - Haunt                          Necromancy/Summoning         7
   b - Borgnjor's Revivification      Necromancy                   8
   c - Death's Door                   Charms/Necromancy            8
   d - Necromutation                  Transmutation/Necromancy     8
Miscellaneous
 B - a plain deck of wonders
 X - a lamp of fire
Comestibles
 c - 6 bread rations
 d - 2 meat rations
 M - 16 fruits
 N - 6 slices of pizza


   Skills:
 + Level 4.1 Fighting
 + Level 13.6 Long Blades
 + Level 9.3 Armour
 + Level 9.0 Dodging
 - Level 2.4 Stealth
 + Level 2.8 Invocations
 + Level 2.1 Evocations


You had 9 spell levels left.
You didn't know any spells.

Dungeon Overview and Level Annotations

Branches:
Dungeon (11/15)            Temple (0/1) D:6            Lair (0/8) D:8
    Orc: D:9-12

Altars:
Ashenzari
Cheibriados
Gozag
Kikubaaqudgha
Makhleb
Nemelex Xobeh
Okawaru
Sif Muna
Vehumet
Xom
Yredelemnul

Shops:
D:6 %

Annotations:
D:3 exclusion: downstairs
D:4 exclusion: statue, tasslehoff34's ghost, amateur MiFi
D:5 Pikel; Prince Ribbit; Tomstefer's ghost, novice VSMo
D:11 Erolcha


Innate Abilities, Weirdness & Mutations

You reflexively headbutt those who attack you in melee.
You have a pair of horns on your head.


Message History

You close the door.
Something unseen opens the door.
You close the door.
Something unseen opens the door.
You close the door.
You hear the ticking of a very distant clock.
There's nothing to close nearby.
Something unseen opens the door.
Something is blocking the doorway!
Something is blocking the doorway!
Something barely misses you.
Something is blocking the doorway!
Something hits you!!
Something is blocking the doorway!
Something barely misses you.
You hit something. You slash something! You headbutt something!
You hear some strange, mumbled words.
You suddenly lose the ability to move!
Something hits you!
* * * LOW HITPOINT WARNING * * *
Something hits you.
* * * LOW HITPOINT WARNING * * *
Something hits you!!
You die...

******#########################
*,,,,,.........................
*,,,,,,#............#....#.....
*,,,,,,#............#....#.....
*,,,,,,#.....)@.....#^...#.....
*,,,,,,#....#{#####............
*,,,,,,#..,,#.....#####........
*,,,,,,.,,,,#.....#*,,#####....
*,,**,******#.....#*,,**,,#..##
*,,**,*,,,,*#.....#*,,**,,#..##
*,,,,,*,,,,,........,,**,,+....
*,,,,,*,,,,,.........,**,,#....
*,,,,,*,,,,*#####+###***,,####+


There were no monsters in sight!

Vanquished Creatures
  4 trolls
  A wraith (D:10)
  Grum (D:9)
  Eustachio (D:5)
  2 yaks (D:8)
  2 hippogriffs
  2 hungry ghosts
  2 wolves (D:9)
  Edmund (D:5)
  A soldier ant (D:10)
  2 water moccasins
  A black bear (D:10)
  3 orc warriors
  2 sky beasts
  A slave (D:4)
  A wasp (D:9)
  A necrophage (D:6)
  A phantom (D:4)
  An ice beast (D:6)
  11 ogres
  A centaur (D:4)
  3 big kobolds
  6 giant frogs
  5 scorpions
  An electric eel (D:8)
  A howler monkey (D:7)
  5 crimson imps
  4 jellies
  A centaur zombie (D:9)
  A gnoll shaman (D:7)
  4 hounds
  An orc wizard (D:3)
  2 giant frog skeletons
  8 iguanas
  12 worker ants
  2 sheep (D:8)
  2 hound skeletons
  2 worker ant zombies
  9 gnolls
  2 howler monkey skeletons
  13 adders
  A river rat (D:8)
  A shadow imp (D:6)
  An adder zombie (D:8)
  An adder skeleton (D:3)
  A worm (D:3)
  2 dart slugs
  6 giant geckos
  12 orcs
  4 bats
  4 giant cockroaches
  2 gnoll zombies (D:5)
  4 goblins
  8 hobgoblins
  13 jackals
  8 quokkas
  4 ball pythons
  2 giant newts
  A jackal zombie (D:7)
  7 kobolds
  7 rats
215 creatures vanquished.

Vanquished Creatures (others)
  A hill giant (D:10)
1 creature vanquished.

Grand Total: 216 creatures vanquished

Notes
Turn   | Place    | Note
--------------------------------------------------------------
     0 | Abyss:1  | 4thArraOfDagon the Minotaur Abyssal Knight began the quest for the Orb.
     0 | Abyss:1  | Reached XP level 1. HP: 19/19 MP: 1/1
     0 | Abyss:1  | lets try this one
    32 | Abyss:1  | Noticed a small abomination
    45 | D:1      | Escaped the Abyss
   140 | D:1      | Reached XP level 2. HP: 13/27 MP: 2/2
   197 | D:1      | Reached * piety under Lugonu
   285 | D:1      | Clownie: What skills are you training?
   310 | D:2      | 4thArraOfDagon: this
   310 | D:2      | Clownie: thanks
   312 | D:2      | 4thArraOfDagon: i like the
   312 | D:2      | 4thArraOfDagon: new skill by levels logs
   312 | D:2      | 4thArraOfDagon: in dump files
   352 | D:2      | Found a faded altar to an unknown god.
   526 | D:1      | Reached XP level 3. HP: 31/33 MP: 3/3
   604 | D:2      | Reached skill level 3 in Long Blades
   608 | D:2      | HP: 2/49 [poisoned by an adder]
   613 | D:2      | HP: 2/49 [poisoned by an adder]
   813 | D:2      | Clownie: Do you regen faster if you swingrest instead of hitting 5?
   830 | D:2      | 4thArraOfDagon: yea
   850 | D:2      | Clownie: that's... silly :D
   882 | D:2      | 4thArraOfDagon: yea
   882 | D:2      | 4thArraOfDagon: regen is based on aut turns
  1062 | D:2      | Reached XP level 4. HP: 29/40 MP: 4/4
  1236 | D:3      | Reached ** piety under Lugonu
  1250 | D:3      | Noticed an orc warrior
  1364 | D:4      | Noticed an ogre
  1365 | D:4      | Noticed tasslehoff34's ghost (amateur MiFi)
  1585 | D:5      | Entered Level 5 of the Dungeon
  1585 | D:5      | Found a burning altar of Makhleb.
  1609 | D:5      | Noticed Edmund
  1617 | D:5      | Noticed Eustachio
  1638 | D:4      | Found a radiant altar of Vehumet.
  1638 | D:4      | Noticed a frost-covered statue
  1659 | D:4      | Reached skill level 4 in Long Blades
  1659 | D:4      | Reached XP level 5. HP: 46/46 MP: 5/5
  1677 | D:4      | Noticed a centaur
  1690 | D:4      | Killed a centaur
  1726 | D:4      | Noticed an ogre
  1735 | D:4      | Killed an ogre
  1735 | D:4      | Reached skill level 5 in Long Blades
  1735 | D:4      | Reached XP level 6. HP: 23/52 MP: 6/6
  1915 | D:5      | Noticed Prince Ribbit
  1977 | D:5      | Killed Edmund
  2045 | D:4      | Reached skill level 6 in Long Blades
  2171 | D:5      | Reached XP level 7. HP: 39/59 MP: 7/7
  2195 | D:5      | Found a basalt altar of Yredelemnul.
  2197 | D:5      | 4thArraOfDagon: im experiencing strange lag spikes
  2197 | D:5      | 4thArraOfDagon: from some time
  2224 | D:5      | Clownie: I'm not, so it's either you or xtahua
  2255 | D:5      | Noticed Tomstefer's ghost (novice VSMo)
  2302 | D:5      | Clownie: Do you never kill ghosts early?
  2312 | D:5      | Killed Eustachio
  2312 | D:5      | Reached skill level 5 in Armour
  2467 | D:3      | Reached *** piety under Lugonu
  2588 | D:3      | Reached skill level 5 in Dodging
  2729 | D:5      | 4thArraOfDagon: i am
  2729 | D:5      | 4thArraOfDagon: but i'm not able yet
  2816 | D:4      | Clownie: wow, minotaur retaliation hits like a truck
  2816 | D:5      | Clownie: I've never played a minotaur :D
  2832 | D:5      | Noticed Pikel
  2834 | D:5      | Clownie: How do you check where the stairs go?
  3081 | D:6      | Found an opulent altar of Gozag.
  3093 | D:6      | Reached skill level 7 in Long Blades
  3093 | D:6      | Reached skill level 1 in Evocations
  3162 | D:6      | Found Onaujim's Food Shop.
  3184 | D:6      | Reached XP level 8. HP: 64/66 MP: 8/8
  3395 | D:4      | Reached skill level 1 in Stealth
  3452 | D:6      | Found a sparkling altar of Nemelex Xobeh.
  3500 | D:5      | Reached skill level 8 in Long Blades
  3909 | D:6      | Reached skill level 9 in Long Blades
  4225 | D:8      | Reached **** piety under Lugonu
  4230 | D:8      | Noticed a troll
  4250 | D:8      | Killed a troll
  4250 | D:8      | Reached XP level 9. HP: 54/71 MP: 9/9
  4377 | D:7      | Found a snail-covered altar of Cheibriados.
  4389 | D:7      | Reached skill level 10 in Long Blades
  4542 | D:7      | magipi: hello
  4596 | D:7      | 4thArraOfDagon: hi
  4626 | D:6      | Found a staircase to the Ecumenical Temple.
  4664 | D:6      | Found a shattered altar of Ashenzari.
  4691 | D:6      | Found an ancient bone altar of Kikubaaqudgha.
  4725 | D:6      | Reached skill level 11 in Long Blades
  4837 | D:8      | Found an iron altar of Okawaru.
  4874 | D:8      | Reached ***** piety under Lugonu
  4876 | D:8      | Found a staircase to the Lair.
  5165 | D:8      | Reached XP level 10. HP: 63/78 MP: 10/10
  5342 | D:9      | Found a deep blue altar of Sif Muna.
  5409 | D:9      | Got a distressingly furry ring mail
  5416 | D:9      | Got a bound granite ring
  5422 | D:9      | Reached skill level 12 in Long Blades
  5424 | D:9      | Clownie: what the hell, 2 randarts on D:9
  5425 | D:9      | Identified the ring "Ryirghe" {+Fly Int+8} (You found it on level 9 of the Dungeon)
  5573 | D:9      | it cant be that bad
  5583 | D:9      | Identified the +3 ring mail "Oqyoduad" {*Confuse rF+++ MP-9 Int+8} (You found it on level 9 of the Dungeon)
  5583 | D:9      | magipi: what's the randart ring mail?
  5617 | D:9      | magipi: oh
  5824 | D:9      | Found a shimmering altar of Xom.
  5858 | D:9      | Noticed Grum
  5870 | D:9      | Killed Grum
  6021 | D:10     | Entered Level 10 of the Dungeon
  6103 | D:10     | Noticed a hill giant
  6114 | D:10     | Banished a hill giant
  6180 | D:10     | Reached skill level 13 in Long Blades
  6284 | D:10     | Got a warped rapier
  6389 | D:10     | magipi: the shiny battleaxe is not interesting? for later?
  6541 | D:10     | 4thArraOfDagon: its not synergised with swords
  6541 | D:10     | 4thArraOfDagon: idk
  6690 | D:11     | Noticed Erolcha
  6728 | D:11     | Paralysed by something for 5 turns
  6732 | D:11     | Mangled by Erolcha

Vault maps used:
D:1:      dpeg_arrival_arbitrary_a
D:2:      ecumenical_altar_2, minmay_quantized
D:4:      vehumet_statue, first_bread
D:5:      bloody_makhleb, lemuel_zombie_altar_yredelemnul,
          lemuel_coloured_pillars_altar, minmay_misc_feat_diagonals, uniq_pikel,
          uniq_prince_ribbit1, uniq_edmund, uniq_eustachio
D:6:      wad_crossroads, kiku_gazebo_garden_becter, nicolae_gozag_seed_capital,
          nemelex_deck, temple_fountains, serial_shops, nicolae_shop_waterfront,
          hex_medium, minmay_misc_feat_plants, cheibrodos_ashenzari_chains
D:7:      cheibriados_altar_1
D:8:      okawaru_trees_2, dpeg_lair_monsters, hangedman_ranch
D:9:      nicolae_overflow_crystal_walls, lemuel_doored_altar,
          minmay_diamond_spiral, uniq_grum
D:11:     lemuel_insect_pit, lab_entry_generic, uniq_erolcha, uniq_harold,
          uniq_erica

Skill      XL: |  1  2  3  4  5  6  7  8  9 10 |
---------------+-------------------------------+-----
Fighting       | 4 |  4.1
Armour         | 3 4 5 7 9 |  9.3
Long Blades    | 3 4 5 6 7 9 11 13 | 13.6
Dodging        | 2 3 4 5 6 7 9 |  9.0
Evocations     | 1 2 |  2.1
Stealth        | 1 2 |  2.4
Invocations    | 2 |  2.8

Action                   |  1- 3 |  4- 6 |  7- 9 | 10-12 || total
-------------------------+-------+-------+-------+-------++-------
Melee: Falchion          |   109 |   115 |   224 |       ||   448
       Long sword        |       |       |   236 |   223 ||   459
Throw: Javelin           |       |       |     1 |       ||     1
Invok: Depart the Abyss  |     1 |       |       |       ||     1
       Banish            |       |       |       |     2 ||     2
Evoke: Wand              |       |     6 |    11 |       ||    17
  Use: Potion            |     3 |       |       |       ||     3
       Scroll            |       |     5 |    12 |     4 ||    21
  Eat: Fruit             |     1 |     1 |     2 |       ||     4
       Chunk             |     1 |     2 |     8 |     8 ||    19
       Pizza             |       |     1 |     1 |       ||     2
       Beef jerky        |       |       |     1 |       ||     1
       Meat ration       |       |       |     1 |       ||     1
       Bread ration      |       |       |     1 |       ||     1
       Royal jelly       |       |       |     1 |       ||     1
